 Dungeon Crawl Stone Soup version 0.21.1-1-g345015f (webtiles) character file.

831 JeffiDaFish the Thaumaturge (level 7, -10/36 HPs)
             Began as a Deep Elf Fire Elementalist on Feb 19, 2018.
             Was a Follower of Vehumet.
             Shot with an arrow by a centaur (11 damage)
             ... on level 6 of the Dungeon.
             The game lasted 00:17:01 (6269 turns).

JeffiDaFish the Thaumaturge (DEFE)                  Turns: 6269, Time: 00:17:01

Health: -10/36     AC:  7    Str:  5    XL:     7   Next: 65%
Magic:  21/30      EV: 13    Int: 26    God:    Vehumet [*.....]
Gold:   259        SH:  0    Dex: 15    Spells: 7/23 levels left

rFire    . . .     SeeInvis .   n - +1 dagger "Ligelel" {freeze, Int+4}
rCold    . . .     Gourm    .   (no shield)
rNeg     . . .     Faith    .   a - +2 robe
rPois    +         Spirit   .   m - +0 helmet
rElec    .         Reflect  .   h - scarf {cloud immunity}
rCorr    .         Harm     .   l - +1 pair of gloves
MR       .....                  (no boots)
Stlth    ++........             (no amulet)
HPRegen  0.12/turn              r - ring of magical power
MPRegen  0.22/turn              (no ring)

@: very slightly contaminated
A: poison resistance, screaming 1
a: Renounce Religion


You were on level 6 of the Dungeon.
You worshipped Vehumet.
Vehumet was aware of your devotion.
You were near starving.

You visited 1 branch of the dungeon, and saw 6 of its levels.

You collected 259 gold pieces.

Inventory:

Hand Weapons
 g - a +1 short sword
 n - the +1 dagger "Ligelel" (weapon) {freeze, Int+4}
   (You found it on level 4 of the Dungeon)

   It has been specially enchanted to freeze those struck by it, causing extra
   injury to most foes and up to half again as much damage against particularly
   susceptible opponents.
   It can also slow down cold-blooded creatures.
   It affects your intelligence (+4).
Armour
 a - a +2 robe (worn)
 h - a scarf of cloud immunity (worn)
 l - a +1 pair of gloves (worn)
 m - a +0 helmet (worn)
Jewellery
 r - a ring of magical power (left hand)
Wands
 d - a wand of iceblast (5)
 p - a wand of disintegration (20)
 s - a wand of scattershot (4)
Scrolls
 i - 3 scrolls of remove curse
 j - 4 scrolls of teleportation
 k - 7 scrolls of identify
 q - a scroll of fog
 t - 2 scrolls of magic mapping
 u - a scroll of immolation
Potions
 e - 2 potions of agility
 f - a potion of flight
 o - 2 potions of heal wounds
Books
 b - a book of Flames

   Spells                             Type                      Level
   a - Flame Tongue                   Conjuration/Fire             1
   b - Throw Flame                    Conjuration/Fire             2
   c - Conjure Flame                  Conjuration/Fire             3
   d - Inner Flame                    Hexes/Fire                   3
   e - Sticky Flame                   Conjuration/Fire             4
   f - Fireball                       Conjuration/Fire             5
Comestibles
 c - 9 rations


   Skills:
 - Level 2.7 Dodging
 - Level 2.6 Stealth
 + Level 8.5 Spellcasting
 - Level 1.1 Conjurations
 + Level 7.4 Fire Magic


You had 7 spell levels left.
You knew the following spells:

 Your Spells              Type           Power        Failure   Level  Hunger
a - Flame Tongue          Conj/Fire      ####.        1%          1    None
b - Conjure Flame         Conj/Fire      ####....     2%          3    None
c - Sticky Flame          Conj/Fire      ####....     10%         4    ##.....
d - Inner Flame           Hex/Fire       ####....     3%          3    None
e - Fireball              Conj/Fire      ####......   26%         5    ####...


Dungeon Overview and Level Annotations

Branches:
Dungeon (6/15)
 Temple: D:4-7

Altars:
Ashenzari
Dithmenos
Elyvilon
Okawaru
Ru
Trog
Vehumet


Innate Abilities, Weirdness & Mutations

Your system is resistant to poisons. (rPois)
You occasionally shout uncontrollably at your foes.


Message History

Confirm with . or Enter, or press ? or * to list all spells.
Aiming: Flame Tongue
Press: ? - help, Shift-Dir - straight line, f/p - centaur
Aim: a centaur, wielding a shortbow The flame tongue hits the centaur.
The centaur is lightly wounded.
Casting: Flame Tongue
Confirm with . or Enter, or press ? or * to list all spells.
Aiming: Flame Tongue
Press: ? - help, Shift-Dir - straight line, f/p - centaur
Aim: a centaur, wielding a shortbow (lightly wounded)
The flame tongue misses the centaur.
The centaur wields a shortbow.
The centaur shoots an arrow.
The arrow hits you!
The centaur shoots an arrow.
The arrow hits you.
* * * LOW HITPOINT WARNING * * *
The centaur shoots an arrow.
The arrow closely misses you.
The centaur shoots an arrow.
The arrow hits you!
* * * LOW HITPOINT WARNING * * *
The centaur shoots an arrow.
The arrow hits you!
You die...

.# ... #. #...........
.##.##. #.###.#.##..
..#.#.. ##.# #.#.# # '#.#'
##..# #.#.#
..###O.o###...###.#..
.....z8........##.#
#c..###...(##.#
#.'#.#'c##...##.####### #.
#.#5o.##.@..........
##O##...#(##..#...## #
##...##.(#(##.......#.#
###.....####ยง##.........#
............cc.........#.#
#####..##.#.###..........#
#.###.#.# ##...#####.# #.
#.#.# ##.## # #. ....# #.#


You could see 2 centaurs.

Vanquished Creatures
  An ogre (D:5)
  2 bullfrogs (D:6)
  A scorpion (D:6)
  A crimson imp (D:6)
  2 orc priests (D:4)
  A hound (D:5)
  A centaur skeleton (D:5)
  2 worker ants
  3 orc wizards (D:4)
  A hound zombie (D:6)
  3 gnolls (D:3)
  10 adders
  A shadow imp (D:5)
  2 adder zombies
  6 worms
  4 dart slugs
  4 leopard geckos
  12 orcs
  A ball python (D:5)
  5 giant cockroaches
  5 goblins
  15 hobgoblins
  12 jackals
  2 quokkas
  13 bats
  3 frilled lizards
  6 kobolds
  A leopard gecko skeleton (D:5)
  2 quokka skeletons (D:5)
  6 rats
128 creatures vanquished.

Notes
Turn   | Place    | Note
-------+----------+-------------------------------------------
     0 | D:1      | JeffiDaFish the Deep Elf Fire Elementalist began the quest for the Orb.
     0 | D:1      | Reached XP level 1. HP: 10/10 MP: 6/6
   408 | D:1      | Reached XP level 2. HP: 15/15 MP: 6/8
   910 | D:1      | Reached XP level 3. HP: 19/19 MP: 8/10
   941 | D:1      | Reached skill level 4 in Spellcasting
   968 | D:1      | Learned a level 3 spell: Conjure Flame
  1342 | D:2      | Gained mutation: You occasionally shout uncontrollably at your foes. [potion of mutation]
  1342 | D:2      | Gained mutation: Your system is resistant to poisons. (rPois) [potion of mutation]
  1359 | D:2      | Reached XP level 4. HP: 24/24 MP: 8/12
  1863 | D:2      | Learned a level 4 spell: Sticky Flame
  2072 | D:2      | Reached skill level 5 in Spellcasting
  2627 | D:2      | Learned a level 3 spell: Inner Flame
  2814 | D:3      | Reached skill level 5 in Fire Magic
  2814 | D:3      | Reached XP level 5. HP: 28/28 MP: 3/14
  2899 | D:3      | Found an iron altar of Okawaru.
  3656 | D:3      | Found a sacrificial altar of Ru.
  3656 | D:3      | Found a radiant altar of Vehumet.
  3668 | D:3      | Found a shattered altar of Ashenzari.
  3689 | D:3      | Became a worshipper of Vehumet
  3919 | D:3      | Reached skill level 6 in Spellcasting
  4091 | D:3      | Learned a level 5 spell: Fireball
  4383 | D:4      | Identified the +1 dagger "Ligelel" {freeze, Int+4} (You found it on level 4 of the Dungeon)
  4598 | D:4      | Reached XP level 6. HP: 32/32 MP: 10/17
  4885 | D:4      | Reached skill level 7 in Spellcasting
  4920 | D:4      | Found a bloodstained altar of Trog.
  5239 | D:5      | Entered Level 5 of the Dungeon
  5334 | D:5      | Reached XP level 7. HP: 35/36 MP: 18/20
  5562 | D:5      | Reached * piety under Vehumet
  5562 | D:5      | Offered knowledge of Shock by Vehumet.
  5792 | D:5      | Found a shadowy altar of Dithmenos.
  6143 | D:6      | Reached skill level 8 in Spellcasting
  6178 | D:6      | Found a white marble altar of Elyvilon.
  6268 | D:6      | HP: 1/36 [centaur/arrow (9)]
  6269 | D:6      | Shot with an arrow by a centaur

Skill      XL: |  1  2  3  4  5  6  7 |
---------------+----------------------+-----
Spellcasting   | 4 5 6 7 8 |  8.5
Fire Magic     | 4 5 6 7 |  7.4
Dodging        | |  2.7
Stealth        | |  2.6
Conjurations   | |  1.1

Action                   |  1- 3 |  4- 6 |  7- 9 || total
-------------------------+-------+-------+-------++-------
Melee: Dagger            |    39 |    68 |    56 ||   163
       Unarmed           |     3 |       |       ||     3
       Short sword       |       |    61 |       ||    61
 Cast: Flame Tongue      |    53 |   103 |    25 ||   181
       Conjure Flame     |       |     6 |     1 ||     7
       Sticky Flame      |       |    16 |     4 ||    20
       Inner Flame       |       |     1 |     1 ||     2
  Use: Potion            |     5 |     3 |     2 ||    10
       Scroll            |     4 |     9 |     1 ||    14
 Stab: Sleeping          |     7 |     1 |       ||     8
       Invisible         |       |       |     2 ||     2
  Eat: Chunk             |     1 |    14 |     2 ||    17
Armor: Robe              |    24 |    40 |    18 ||    82
Dodge: Dodged            |    53 |   115 |    42 ||   210
